 Dungeon Crawl Stone Soup version 0.23.0 (webtiles) character file.

Game seed: 3110276504583344869

781 Nygeryga the Grappler (level 7, -8/67 HPs)
             Began as a Troll Monk on Feb 10, 2019.
             Mangled by an ogre
             ... wielding a cursed +0 giant club
              (15 damage)
             ... on level 5 of the Dungeon.
             The game lasted 00:07:27 (4058 turns).

Nygeryga the Grappler (Troll Monk)                  Turns: 4058, Time: 00:07:28

Health: -8/67      AC:  6    Str: 22    XL:     7   Next: 55%
Magic:  6/6        EV: 10    Int:  6    God:
Gold:   191        SH:  0    Dex: 12    Spells: 6/6 levels left

rFire    . . .     SeeInvis .     - Unarmed
rCold    . . .     Gourm    +   (no shield)
rNeg     . . .     Faith    .   a - +0 robe
rPois    .         Spirit   .   (helmet restricted)
rElec    .         Reflect  .   (no cloak)
rCorr    .         Harm     .   (gloves unavailable)
MR       .....                  (boots unavailable)
Stlth    ++........             (no amulet)
HPRegen  0.61/turn              (no ring)
MPRegen  0.10/turn              (no ring)

@: no status effects
A: large, unfitting armour, claws 3, fast metabolism 3, gourmand, regeneration
1, shaggy fur 1, tough skin 3
a: no special abilities


You were on level 5 of the Dungeon.
You were not hungry.

You visited 1 branch of the dungeon, and saw 5 of its levels.

You collected 191 gold pieces.

Inventory:

Armour
 a - a +0 robe (worn)
Jewellery
 f - a +3 ring of intelligence {unknown}
 j - an uncursed amulet of the acrobat {unknown}
Scrolls
 c - 4 scrolls of blinking
 d - a scroll of remove curse
 h - 4 scrolls of identify
 k - a scroll of enchant weapon {unknown}
 q - a scroll of enchant armour {unknown}
Potions
 e - a potion of invisibility {unknown}
 g - 2 potions of brilliance
 i - a potion of curing {unknown}
 l - 2 potions of flight {unknown}
 m - a potion of degeneration {unknown}
 n - a potion of heal wounds {unknown}
 o - a potion of berserk rage {unknown}
 p - a potion of lignification {unknown}
Comestibles
 b - 10 rations


   Skills:
 + Level 3.3 Fighting
 - Level 2.4 Dodging
 - Level 1.0 Stealth
 * Level 8.6 Unarmed Combat


You had 6 spell levels left.
You didn't know any spells.
Your spell library contained the following spells:

 Spells                   Type           Power        Failure   Level  Hunger
 Magic Dart               Conj           #...         45%         1    ##.....
 Blink                    Tloc           N/A          58%         2    ###....
 Call Imp                 Summ           #.......     58%         2    ###....
 Slow                     Hex            #.......     58%         2    ###....
 Conjure Flame            Conj/Fire      #.......     83%         3    ####...
 Mephitic Cloud           Conj/Pois/Air  #.......     83%         3    ####...


Dungeon Overview and Level Annotations

Branches:
Dungeon (5/15)
 Temple: D:4-7

Altars:
Fedhas
Sif Muna
Yredelemnul
The Shining One

Annotations:
D:2 exclusion: oklob plant


Innate Abilities, Weirdness & Mutations

You are too large for most types of armour.
You have claws for hands.
Your metabolism is lightning-fast.
You like to eat raw meat.
Your natural rate of healing is unusually fast.
You are covered in fur. (AC +1)
You have extremely tough skin. (AC +3)


Message History

You claw the ogre!
The ogre is moderately wounded.
You barely miss the ogre.
The ogre is moderately wounded.
The ogre hits you with a cursed +0 giant club!
You are too injured to fight recklessly!
You are too injured to fight recklessly!
You are too injured to fight recklessly!
You are too injured to fight recklessly!
You are too injured to fight recklessly!
You scratch the ogre.
The ogre is heavily wounded.
The ogre hits you with a cursed +0 giant club!!
* * * LOW HITPOINT WARNING * * *
You claw the ogre!
The ogre is almost dead.
You closely miss the ogre.
The ogre is almost dead.
The ogre hits you with a cursed +0 giant club!
You die...

......####.#.###..#######..#
##........[#.# #.># #..#
####.......#.####.# #####..#
..##.........<###.###......#
..##.........##...........##
..##..#########...........#
..#......# #...........#
..#.#....# #........[..#
..#.#.##.# #.@.........#
..#.#.. .......O#.......###
..#.#... .......#.......#
....#...................#
..####..........#########
.## .......... ## .......
.......


You could see an ogre.

Vanquished Creatures
  Sigmund (D:2)
  An ogre (D:3)
  A bullfrog (D:3)
  A howler monkey (D:5)
  A centaur skeleton (D:5)
  A hound (D:4)
  3 orc priests
  4 orc wizards
  6 adders
  2 oozes
  An adder zombie (D:5)
  3 worms
  A dart slug (D:4)
  2 leopard geckos
  20 orcs
  5 giant cockroaches
  8 goblins
  7 hobgoblins
  3 quokkas
  A ball python (D:4)
  5 bats
  5 frilled lizards
  10 kobolds
  A leopard gecko skeleton (D:4)
  9 rats
102 creatures vanquished.

Vanquished Creatures (others)
  9 toadstools (D:2)
9 creatures vanquished.

Grand Total: 111 creatures vanquished

Notes
Turn   | Place    | Note
-------+----------+-------------------------------------------
     0 | D:1      | Nygeryga the Troll Monk began the quest for the Orb.
     0 | D:1      | Reached XP level 1. HP: 22/22 MP: 0/0
   304 | D:1      | Reached XP level 2. HP: 29/29 MP: 1/1
   898 | D:2      | Reached skill level 4 in Unarmed Combat
   898 | D:2      | Reached XP level 3. HP: 33/36 MP: 2/2
   911 | D:2      | Noticed Sigmund
   919 | D:2      | Killed Sigmund
   919 | D:2      | Reached skill level 5 in Unarmed Combat
   919 | D:2      | Reached XP level 4. HP: 41/45 MP: 3/3
   919 | D:2      | Reached XP level 5. HP: 48/53 MP: 4/4
  1139 | D:2      | Found a blossoming altar of Fedhas.
  1149 | D:2      | Noticed an oklob plant
  1522 | D:2      | Reached skill level 6 in Unarmed Combat
  1804 | D:3      | Reached XP level 6. HP: 61/61 MP: 5/5
  1899 | D:3      | Reached skill level 7 in Unarmed Combat
  2397 | D:3      | Reached XP level 7. HP: 67/67 MP: 6/6
  2680 | D:3      | Found a deep blue altar of Sif Muna.
  3004 | D:4      | Reached skill level 8 in Unarmed Combat
  3270 | D:4      | Found a glowing golden altar of the Shining One.
  3272 | D:4      | Noticed an angel
  3635 | D:4      | Found a basalt altar of Yredelemnul.
  3782 | D:5      | Entered Level 5 of the Dungeon
  4058 | D:5      | Mangled by an ogre

Skill      XL: |  1  2  3  4  5  6  7 |
---------------+----------------------+-----
Unarmed Combat | 4 5 6 7 8 |  8.6
Fighting       | 3 |  3.3
Dodging        | |  2.4
Stealth        | |  1.0

Action                   |  1- 3 |  4- 6 |  7- 9 || total
-------------------------+-------+-------+-------++-------
Melee: Unarmed           |    58 |    98 |    80 ||   236
       Punch             |       |     1 |     3 ||     4
  Use: Scroll            |       |       |     6 ||     6
 Stab: Sleeping          |     1 |     5 |       ||     6
       Distracted        |       |       |     1 ||     1
  Eat: Chunk             |     8 |    17 |    10 ||    35
Armor: Robe              |    23 |    30 |    15 ||    68
Dodge: Dodged            |    21 |    30 |    24 ||    75
